 Dungeon Crawl Stone Soup version 0.30-a0-840-ga523dec638 (webtiles) character file.

Game seed: 9347653593734813925

177 Pimp the Covered (level 5, -1/48 HPs)
             Began as an Armataur Fighter on Mar 1, 2023.
             Slain by a black bear (5 damage)
             ... on level 4 of the Dungeon.
             The game lasted 00:05:11 (2583 turns).

Pimp the Covered (Armataur Fighter)                 Turns: 2583, Time: 00:05:11

Health: -1/48      AC:  8    Str: 24    XL:     5   Next: 31%
Magic:  5/5        EV:  6    Int:  8    God:
Gold:   224        SH:  4    Dex:  9    Spells: 4/4 levels left

rFire   . . .      SeeInvis .    a - +0 war axe
rCold   . . .      Faith    .    c - +0 buckler
rNeg    . . .      Spirit   .    l - +0 chain mail
rPois   .          Reflect  .    (no helmet)
rElec   .          Harm     .    (no cloak)
rCorr   +          Roll     +    (no gloves)
Will    .....                    (no barding) Stlth
                                 (no amulet)
HPRegen 0.28/turn                g - ring of resist corrosion
MPRegen 0.09/turn                (no ring)

@: no status effects
A: large, rugged brown scales 3, deformed body, armoured tail, roll, long
tongue, awkward tongue
a: no special abilities


You were on level 4 of the Dungeon.
You visited 1 branch of the dungeon, and saw 4 of its levels.

You collected 224 gold pieces.

Inventory:

Hand Weapons
 a - a +0 war axe (weapon)
Armour
 b - a +0 scale mail
 c - a +0 buckler (worn)
 l - a +0 chain mail (worn)
Jewellery
 g - a ring of resist corrosion (left hand)
 n - a ring of fire
Wands
 d - a wand of iceblast (8)
Scrolls
 f - a scroll of identify
 i - 3 scrolls of enchant armour
 k - a scroll of immolation


   Skills:
 + Level 3.5 Fighting
 + Level 2.5 Axes
 + Level 4.6 Armour
 + Level 1.2 Dodging
 + Level 4.1 Shields


You had 4 spell levels left.
You didn't know any spells.
Your spell library contained the following spells:

 Spells                   Type           Power      Damage    Failure   Level
 Magic Dart               Conj           0%         1d3       98%         1
 Call Imp                 Summ           0%         N/A       99%         2
 Mephitic Cloud           Conj/Pois/Air  0%         N/A       100%        3
 Yara's Violent Unravell  Hex/Tmut       0%         3d3       100%        5
 Enfeeble                 Hex            0%         N/A       100%        7


Dungeon Overview and Level Annotations

Branches:
Dungeon (4/15)
 Temple: D:4-7

Altars:
Kikubaaqudgha

Shops:
D:1 =


Innate Abilities, Weirdness & Mutations

You are completely covered in rugged brown scales. (AC +3, +7% HP)
Armour fits poorly on your strangely shaped body.
You have a long armoured tail.
You roll when moving toward enemies. (Rampage)
Your long tongue fully drains potion bottles. (2x potion effects)
Your tongue gives you trouble enunciating. (1.5x scroll delay)


Message History

The black bear is heavily wounded.
The black bear bites you. The black bear claws you.
You block the black bear's attack.
You barely miss the black bear.
The black bear is heavily wounded.
You block the black bear's attack. The black bear barely misses you.
The black bear claws you.
The black bear bites you but does no damage.
The black bear barely misses you. x2
You barely miss the black bear.
The black bear is heavily wounded.
The black bear bites you but does no damage.
The black bear claws you.
The black bear claws you but does no damage.
You barely miss the black bear. You tail-slap the black bear.
The black bear is heavily wounded.
You block the black bear's attack. x2; The black bear claws you.
The black bear bites you. You block the black bear's attack.
The black bear claws you.
You closely miss the black bear.
The black bear is heavily wounded.
The black bear bites you but does no damage.
The black bear claws you. You block the black bear's attack.
You slash the black bear!
The black bear is almost dead.
The black bear bites you.
* * * LOW HITPOINT WARNING * * *
The black bear claws you.
* * * LOW HITPOINT WARNING * * *
The black bear claws you.
* * * LOW HITPOINT WARNING * * *
The black bear goes berserk!
You hit the black bear.
The black bear is almost dead.
The black bear bites you.
* * * LOW HITPOINT WARNING * * *
The black bear claws you.
* * * LOW HITPOINT WARNING * * *
The black bear claws you.
You die...

# #. ..#).
#.....#####
#.....h@<.#
###..###..#
...
#......# #
#.#..###
#.#..#
..#..#
...#...
...#.###
../....


You could see a black bear (berserk).

Vanquished Creatures
  Crazy Yiuf (D:3)
  Ijyb (D:3)
  5 adders
  4 dart slugs
  An orc (D:3)
  4 ball pythons (D:1)
  7 endoplasms
  3 giant cockroaches
  6 hobgoblins
  2 jackals (D:3)
  6 kobolds
  4 quokkas
  5 bats
  6 frilled lizards
  7 goblins
  4 rats
66 creatures vanquished.

Notes
Turn   | Place    | Note
-------+----------+-------------------------------------------
     0 | D:1      | Pimp the Armataur Fighter began the quest for the Orb.
     0 | D:1      | Reached XP level 1. HP: 19/19 MP: 1/1
    81 | D:1      | Reached XP level 2. HP: 26/26 MP: 2/2
   428 | D:1      | Found Cocigys's Jewellery Boutique.
   611 | D:1      | Reached XP level 3. HP: 33/33 MP: 3/3
  1056 | D:2      | Reached XP level 4. HP: 40/40 MP: 4/4
  1450 | D:2      | Found a faded altar of an unknown god.
  1735 | D:3      | Reached skill level 1 in Dodging
  1920 | D:3      | Noticed Ijyb
  1932 | D:3      | Killed Ijyb
  1933 | D:3      | Reached XP level 5. HP: 48/48 MP: 5/5
  2218 | D:3      | Found a runed translucent door.
  2219 | D:3      | Noticed Crazy Yiuf
  2263 | D:3      | Killed Crazy Yiuf
  2376 | D:3      | Found an ancient bone altar of Kikubaaqudgha.
  2573 | D:4      | Noticed a black bear
  2583 | D:4      | Slain by a black bear

Illustrated notes

Levels and vault maps discovered:
D:1:      zelgadis_glass_arrival_small, layout_loops_ring, serial_shops,
          shop_coins
D:2:      layout_loops_cross, ebering_ecumenical_altar_mist, grunt_ministairs_8
D:3:      layout_loops_ring, mainiacjoe_overflow_six_doors_small,
          minmay_misc_feat_five, kennysheep_small_spiral, grunt_decor_junction,
          uniq_ijyb, uniq_crazy_yiuf_cottage
D:4:      layout_basic, xom_confusion_cloud, serial_shops,
          nicolae_stop_n_shop_2, corexii_shack, nicolae_take_the_stairs

Skill      XL: |  1  2  3  4 |
---------------+-------------+-----
Fighting       | 3 |  3.5
Armour         | 4 |  4.6
Axes           | 2 |  2.5
Dodging        | 1 |  1.2
Shields        | 4 |  4.1

Action                     |  1- 3 |  4- 6 || total
---------------------------+-------+-------++-------
  Melee: War axe           |   112 |   115 ||   227
         Tailslap          |     6 |     5 ||    11
    Use: Scroll            |     4 |     1 ||     5
         Potion            |       |     6 ||     6
 Armour: Scale mail        |    59 |       ||    59
         Chain mail        |     9 |    92 ||   101
  Dodge: Dodged            |    34 |    38 ||    72
  Block: Buckler           |    27 |    35 ||    62

Table legend: (Time is in decaauts)
 A = Elapsed time spent in this place.
 B = Non-inter-level travel time spent in this place.
 C = Inter-level travel time spent in this place.
 D = Time resting spent in this place.
 E = Time spent auto-exploring this place.
 F = Levels seen in this place.
 G = Mean time per level.
                   A        B        C        D        E       F      G
               +--------+--------+--------+--------+--------+-----+--------+
         Total |   2692 |   2558 |    134 |    150 |   1781 |   4 |  673.0 |
       Dungeon |   2692 |   2558 |    134 |    150 |   1781 |   4 |  673.0 |
               +--------+--------+--------+--------+--------+-----+--------+

Top non-repeatable levels by time:
     D:3: 1089 daAuts
     D:2: 885 daAuts
     D:1: 701 daAuts
     D:4: 16 daAuts
